 Dungeon Crawl Stone Soup version 0.28-a0-793-g31680bbd8b (webtiles) character file.

Game seed: 10532650409463885596

530 Lemonice the Ducker (level 7, -1/49 HPs)
             Began as an Octopode Fighter on Nov 5, 2021.
             Was an Initiate of Gozag.
             Slain by a water moccasin (5 damage)
             ... on level 5 of the Dungeon.
             The game lasted 00:11:45 (6171 turns).

Lemonice the Ducker (Octopode Fighter)              Turns: 6171, Time: 00:11:46

Health: -1/49      AC:  1    Str: 17    XL:     7   Next: 24%
Magic:  7/7        EV: 14    Int: 10    God:    Gozag
Gold:   218        SH:  5    Dex: 12    Spells: 6/6 levels left

rFire   . . .      SeeInvis .   a - +0 rapier
rCold   . . .      Faith    .   b - +0 buckler
rNeg    . . .      Spirit   .   (helmet restricted)
rPois   +          Reflect  .   (no amulet)
rElec   .          Harm     .   l - ring of poison resistance
rCorr   .          Rampage  .   (no ring)
Will    .....                   (no ring)
Stlth   ++........              (no ring)
HPRegen 0.16/turn               (no ring)
MPRegen 0.10/turn               (no ring)
                                (no ring)
                                (no ring)

@: no status effects
A: almost no armour, amphibious, 8 rings, camouflage 1, gelatinous body 1,
(nimble swimmer 1), tentacles
a: Renounce Religion, Potion Petition, Call Merchant, Bribe Branch


You were on level 5 of the Dungeon.
You worshipped Gozag.
Gozag was aware of your devotion.
You visited 1 branch of the dungeon, and saw 6 of its levels.

You collected 288 gold pieces.
You paid 70 gold pieces to Gozag.

Inventory:

Hand Weapons
 a - a +0 rapier (weapon)
 j - a +0 dagger
Missiles
 i - 105 stones (quivered)
 t - 2 throwing nets
Armour
 b - a +0 buckler (worn)
Jewellery
 l - a ring of poison resistance (left tentacle)
Wands
 e - a wand of digging (3)
Scrolls
 g - 2 scrolls of magic mapping
 h - 2 scrolls of teleportation
 s - a scroll of noise {unknown}
Potions
 d - 3 potions of curing {unknown}
 f - 3 potions of mutation {unknown}
 k - a potion of degeneration {unknown}
 m - 2 potions of lignification {unknown}
 n - a potion of ambrosia
 p - a potion of magic
 q - a potion of haste
 r - a potion of flight


   Skills:
 * Level 4.7 Fighting
 * Level 4.1 Short Blades
 * Level 4.7 Dodging
 * Level 4.7 Shields


You had 6 spell levels left.
You didn't know any spells.
Your spell library contained the following spells:

 Spells                   Type           Power      Damage    Failure   Level
 Apportation              Tloc           0%         N/A       36%         1
 Alistair's Intoxication  Tmut/Pois      0%         N/A       100%        5
 Invisibility             Hex            0%         N/A       100%        6


Dungeon Overview and Level Annotations

Branches:
Dungeon (6/15)
 Temple: D:4-7

Altars:
Elyvilon
Gozag
The Shining One

Shops:
D:5 *

Annotations:
D:3 1 runed translucent door, Crazy Yiuf


Innate Abilities, Weirdness & Mutations

You cannot wear most types of armour.
You are amphibious.
You can wear up to eight rings at the same time.
Your skin changes colour to match your surroundings (Stealth+).
Your rubbery body absorbs attacks. (AC +1, EV +1)
((You are camouflaged near water. (Stealth+)))
You have tentacles for arms and can constrict up to eight enemies at once.


Message History

Done exploring.
Done exploring.
(D) Dungeon
Where to? (Enter - D:6, ? - help)
What level of the Dungeon? (default 1, ? - help)
There is a stone staircase leading down here.
You climb downwards.
There is a stone staircase leading up here.
There are monsters nearby!
You climb upwards.
There is a stone staircase leading down here.
You see here a +0 club.
You feel a little less mighty now.
There is an open door here.
You open the door.
There is an open door here.
You open the door.
There is an open door here.
There is an open door here.
There is an open door here.
There is an open door here.
There is an open door here.
There is a stone staircase leading down here.
You climb downwards.
The water moccasin hisses angrily.
The ogre shouts!
The water moccasin misses you. The water moccasin bites you!
Found a bubbling pink potion, a scroll of teleportation and 11 gold pieces.
There is a stone staircase leading up here.
The water moccasin barely misses you. The water moccasin bites you!
The ogre hits you with a +0 giant spiked club!!
* * * LOW HITPOINT WARNING * * *
You climb upwards.
There is a stone staircase leading down here.
You miss the water moccasin. Your grab misses the water moccasin.
The water moccasin bites you!
* * * LOW HITPOINT WARNING * * *
You closely miss the water moccasin. Your grab misses the water moccasin.
The water moccasin bites you.
You die...
Your body crumbles into a pile of gold.

##### ##...## ##### #####..#..##
....# ##.≈≈#.###..# '##+###
#≈..≈#♣.##≈.# #.....#
#♣≈..≈≈..#≈.# #.....#####
#######.≈≈≈...≈≈..#
'##'##'..'#####S@....≈...≈≈≈≈....
...#..####≈≈≈≈##.####.♣..#≈≈♣....
##+#..# #≈...##.# #.≈≈.≈.≈..≈..
...#..####≈...##.# #≈♣#.≈.#♣.≈#.
_..+..'.##≈...##.# #≈.#.≈≈#.≈.#.
...#..#..#≈...##.# ##≈#..≈......
##+#..#.######'#.# ######..####
...#..#.# #.#..#.# #.## '##'##'.#
#.#..#.# #.#


You could see a water moccasin.

Vanquished Creatures
  An ogre (D:5)
  A bullfrog (D:5)
  A hound (D:5)
  An orc priest (D:3)
  A scorpion zombie (D:5)
  An iguana (D:5)
  A hound skeleton (D:4)
  Robin (D:3)
  4 gnolls (D:5)
  6 adders
  A white imp (D:6)
  2 worms
  5 dart slugs
  8 orcs (D:3)
  4 bats
  8 endoplasms
  4 giant cockroaches
  24 goblins
  10 hobgoblins
  13 jackals
  A quokka (D:1)
  9 ball pythons
  3 frilled lizards
  8 kobolds
  10 rats
128 creatures vanquished.

Notes
Turn   | Place    | Note
-------+----------+-------------------------------------------
     0 | D:1      | Lemonice the Octopode Fighter began the quest for the Orb.
     0 | D:1      | Reached XP level 1. HP: 16/16 MP: 1/1
   135 | D:1      | Reached XP level 2. HP: 21/21 MP: 2/2
   567 | D:1      | Reached XP level 3. HP: 26/26 MP: 3/3
   771 | D:1      | Found a faded altar of an unknown god.
   962 | D:2      | Reached XP level 4. HP: 31/31 MP: 4/4
  1603 | D:3      | Reached XP level 5. HP: 11/37 MP: 5/5
  1989 | D:3      | Noticed an ogre
  2215 | D:3      | Noticed Robin
  2242 | D:3      | Killed Robin
  2729 | D:3      | Found a runed translucent door.
  2730 | D:3      | Noticed Crazy Yiuf
  2880 | D:4      | Reached XP level 6. HP: 43/43 MP: 6/6
  4004 | D:5      | Entered Level 5 of the Dungeon
  4190 | D:5      | Found a white marble altar of Elyvilon.
  4325 | D:5      | Found a glowing golden altar of the Shining One.
  5109 | D:5      | Found an opulent altar of Gozag.
  5112 | D:5      | Found Gozag's Platinum Reserve.
  5116 | D:5      | Became a worshipper of Gozag Ym Sagoz the Greedy
  5168 | D:5      | Reached XP level 7. HP: 49/49 MP: 7/7
  5636 | D:6      | HP: 2/49 [ice beast (9)]
  6171 | D:5      | Slain by a water moccasin

Illustrated notes

Levels and vault maps discovered:
D:1:      shiori_arrival_oz, layout_basic, hellmonk_ecumenical_altar_run_dry,
          minmay_cupped
D:2:      layout_rooms
D:3:      layout_basic, minmay_ogre_servants, uniq_robin,
          uniq_crazy_yiuf_cottage
D:4:      layout_layer_cave, serial_glass, glass_columns_c, glass_columns_b
D:5:      layout_basic, mainiacjoe_overflow_24_doors, tso_oasis_becter,
          nicolae_gozag_zags_fifth_avenue, serial_rivers,
          chequers_serial_rivers_micro_e, chequers_serial_rivers_room_a,
          chequers_serial_rivers_marsh, chequers_serial_rivers_small_3
D:6:      layout_loops_ring, nicolae_qazlal_scattered_showers,
          mainiacjoe_overflow_alcove_4, minmay_temple_entry_proselytizer,
          minivault_5, chequers_garden

Skill      XL: |  1  2  3  4  5  6 |
---------------+-------------------+-----
Short Blades   | 3 4 |  4.1
Dodging        | 4 |  4.7
Fighting       | 4 |  4.7
Shields        | 4 |  4.7

Action                   |  1- 3 |  4- 6 |  7- 9 || total
-------------------------+-------+-------+-------++-------
Melee: Rapier            |    52 |   175 |    19 ||   246
       Constrict         |    12 |    46 |     1 ||    59
       Tentacles         |    10 |    31 |     3 ||    44
  Use: Scroll            |       |     7 |       ||     7
       Potion            |       |       |     2 ||     2
 Stab: Sleeping          |    11 |     8 |       ||    19
       Distracted        |       |     1 |       ||     1
Armor: Skin              |     4 |     5 |       ||     9
Dodge: Dodged            |    17 |    95 |     9 ||   121
Block: Buckler           |     8 |    33 |     3 ||    44

Table legend: (Time is in decaauts)
 A = Elapsed time spent in this place.
 B = Non-inter-level travel time spent in this place.
 C = Inter-level travel time spent in this place.
 D = Time resting spent in this place.
 E = Time spent auto-exploring this place.
 F = Levels seen in this place.
 G = Mean time per level.
                   A        B        C        D        E       F      G
               +--------+--------+--------+--------+--------+-----+--------+
         Total |   6191 |   5917 |    274 |      0 |   4687 |   6 | 1031.8 |
       Dungeon |   6191 |   5917 |    274 |      0 |   4687 |   6 | 1031.8 |
               +--------+--------+--------+--------+--------+-----+--------+

Top non-repeatable levels by time:
     D:4: 1910 daAuts
     D:5: 1247 daAuts
     D:3: 1101 daAuts
     D:1: 941 daAuts
     D:2: 846 daAuts
     D:6: 143 daAuts
